SL
NEW ORLEANS VOODOO @ RICHARDSON CITY THUNDERCATS
07/20/2034
 
TOP OF THE 1ST
New Orleans Voodoo batting - Pitching for Richardson City Thundercats : RHP Oliver Rodríguez
Pitching: RHP Oliver Rodríguez
Batting: RHB Griffin Woodfinlevine 0-0: SINGLE (Line Drive, 34D)
Batting: RHB Gilberto Juárez 0-0: Ball
1-0: Called Strike
1-1: Foul Ball, location: 2F
1-2: Strikes out swinging
Batting: SHB Melito Báez 0-0: Ball
1-0: Fly out, F5 (Popup, 56)
Batting: RHB Claudio Tappen 0-0: Fly out, F7 (Flyball, 7LS)
Top of the 1st over - 0 runs, 1 hit, 0 errors, 1 left on base; New Orleans 0 - Richardson City 0
BOTTOM OF THE 1ST
Richardson City Thundercats batting - Pitching for New Orleans Voodoo : RHP Rémi Ribeiro
Pitching: RHP Rémi Ribeiro
Batting: RHB Felipe Campos 0-0: Swinging Strike
0-1: Ball
1-1: Swinging Strike
1-2: Foul Ball, location: 2F
1-2: Ball
2-2: Strikes out swinging
Batting: LHB Juan Macíel 0-0: Foul Ball, location: 2F
0-1: Ground out 4-3 (Groundball, 4)
Batting: LHB Juan Jose Hernández 0-0: Called Strike
0-1: Called Strike
0-2: Ball
1-2: Ball
2-2: Ball
3-2: TRIPLE (Flyball, 7D)
Batting: LHB Jonathan Gunner 0-0: Called Strike
0-1: Ball
1-1: Foul Ball, location: 2F
1-2: Ground out 3-1 (Groundball, 34)
Bottom of the 1st over - 0 runs, 1 hit, 0 errors, 1 left on base; New Orleans 0 - Richardson City 0
TOP OF THE 2ND
New Orleans Voodoo batting - Pitching for Richardson City Thundercats : RHP Oliver Rodríguez
Batting: LHB José Ruíz 0-0: Foul Ball, location: 2F
0-1: Ball
1-1: SINGLE (Line Drive, 8LS)
Batting: RHB Orlando Velásquez 0-0: Ball
José Ruíz steals 2nd base
1-0: Foul Ball, location: 2F
1-1: Called Strike
1-2: Ball
2-2: Ball
3-2: Base on Balls
Batting: RHB Cisco Feijoo 0-0: Ball
José Ruíz steals 3rd base
Orlando Velásquez to second
1-0: Swinging Strike
1-1: Called Strike
1-2: Strikes out swinging
Batting: RHB Colm Goodwill 0-0: Called Strike
0-1: Called Strike
0-2: Ball
1-2: Ball
2-2: Foul Ball, location: 2F
2-2: Strikes out looking
Batting: LHB Weston Doyle 0-0: Called Strike
0-1: Ball
1-1: Called Strike
1-2: Strikes out swinging
Top of the 2nd over - 0 runs, 1 hit, 0 errors, 2 left on base; New Orleans 0 - Richardson City 0
BOTTOM OF THE 2ND
Richardson City Thundercats batting - Pitching for New Orleans Voodoo : RHP Rémi Ribeiro
Batting: LHB Kazuyoshi Hasegawa 0-0: Ball
1-0: Ball
2-0: Ball
3-0: Called Strike
3-1: Base on Balls
Batting: LHB Roberto Sánchez 0-0: Ball
1-0: Foul Ball, location: 2F
1-1: Swinging Strike
1-2: Ball
2-2: Strikes out swinging
Batting: LHB Ashley Thachi 0-0: Called Strike
0-1: Grounds into double play, 4-6-3 (Groundball, 4)
Bottom of the 2nd over - 0 runs, 0 hits, 0 errors, 0 left on base; New Orleans 0 - Richardson City 0
TOP OF THE 3RD
New Orleans Voodoo batting - Pitching for Richardson City Thundercats : RHP Oliver Rodríguez
Batting: RHB Griffin Woodfinlevine 0-0: Ball
1-0: Called Strike
1-1: Foul Ball, location: 2F
1-2: Fly out, F1 (Line Drive, 13)
Batting: RHB Gilberto Juárez 0-0: Called Strike
0-1: Ball
1-1: SOLO HOME RUN (Flyball, 9LD), Distance : 340 ft
Batting: SHB Melito Báez 0-0: Ground out 6-3 (Groundball, 6)
Batting: RHB Claudio Tappen 0-0: Ball
1-0: Ball
2-0: SINGLE (Line Drive, 89S)
Batting: LHB José Ruíz 0-0: Ball
Claudio Tappen steals 2nd base
1-0: Called Strike
1-1: Foul Ball, location: 2F
1-2: Ball
2-2: 2-RUN HOME RUN (Flyball, 9D), Distance : 444 ft
Batting: RHB Orlando Velásquez 0-0: Fly out, F7 (Flyball, 7S)
Top of the 3rd over - 3 runs, 3 hits, 0 errors, 0 left on base; New Orleans 3 - Richardson City 0
BOTTOM OF THE 3RD
Richardson City Thundercats batting - Pitching for New Orleans Voodoo : RHP Rémi Ribeiro
Batting: LHB Chris Fitzgerald 0-0: Called Strike
0-1: Called Strike
0-2: Strikes out looking
Batting: LHB Jorge Flores 0-0: Ball
1-0: Ground out 4-3 (Groundball, 4)
Batting: RHB Felipe Campos 0-0: Called Strike
0-1: Called Strike
0-2: Fly out, F9 (Line Drive, 9)
Bottom of the 3rd over - 0 runs, 0 hits, 0 errors, 0 left on base; New Orleans 3 - Richardson City 0
TOP OF THE 4TH
New Orleans Voodoo batting - Pitching for Richardson City Thundercats : RHP Oliver Rodríguez
Batting: RHB Cisco Feijoo 0-0: Called Strike
0-1: SINGLE (Line Drive, 6M)
Batting: RHB Colm Goodwill 0-0: Foul Ball, location: 2F
0-1: Ball
1-1: Foul Ball, location: 2F
1-2: Fly out, F8 (Flyball, 8LXD)
Runner from 1st tags up, SAFE at 2nd
Batting: LHB Weston Doyle 0-0: Ball
1-0: Swinging Strike
1-1: Foul Ball, location: 2F
1-2: Foul Ball, location: 2F
1-2: Ball
2-2: Ball
3-2: Base on Balls
Batting: RHB Griffin Woodfinlevine 0-0: Ball
Cisco Feijoo is caught stealing 3rd base
1-0: Ground out 4-3 (Groundball, 34)
Top of the 4th over - 0 runs, 1 hit, 0 errors, 1 left on base; New Orleans 3 - Richardson City 0
BOTTOM OF THE 4TH
Richardson City Thundercats batting - Pitching for New Orleans Voodoo : RHP Rémi Ribeiro
Batting: LHB Juan Macíel 0-0: Called Strike
0-1: Fly out, F9 (Flyball, 89XD)
Batting: LHB Juan Jose Hernández 0-0: Ball
1-0: Fly out, F7 (Flyball, 7)
Batting: LHB Jonathan Gunner 0-0: Swinging Strike
0-1: Ground out U3 (Groundball, 34)
Bottom of the 4th over - 0 runs, 0 hits, 0 errors, 0 left on base; New Orleans 3 - Richardson City 0
TOP OF THE 5TH
New Orleans Voodoo batting - Pitching for Richardson City Thundercats : RHP Oliver Rodríguez
Batting: RHB Gilberto Juárez 0-0: Called Strike
0-1: Swinging Strike
0-2: Strikes out swinging
Batting: SHB Melito Báez 0-0: Called Strike
0-1: Ball
1-1: Swinging Strike
1-2: Strikes out swinging
Batting: RHB Claudio Tappen 0-0: Swinging Strike
0-1: Called Strike
0-2: SINGLE (Line Drive, 7S)
Batting: LHB José Ruíz 0-0: Ball
1-0: Called Strike
1-1: Ball
2-1: Foul Ball, location: 2F
2-2: DOUBLE (Flyball, 8LXD)
Claudio Tappen to third
Claudio Tappen scores
Batting: RHB Orlando Velásquez 0-0: Called Strike
0-1: SINGLE (Groundball, 6MD)
José Ruíz to third
Runner from 3rd tries for Home, SAFE, no throw
Batting: RHB Cisco Feijoo Pickoff Throw to First - Error! E1
Orlando Velásquez to second
0-0: Ball
1-0: Ground out 5-3 (Groundball, 56)
Top of the 5th over - 2 runs, 3 hits, 1 error, 1 left on base; New Orleans 5 - Richardson City 0
BOTTOM OF THE 5TH
Richardson City Thundercats batting - Pitching for New Orleans Voodoo : RHP Rémi Ribeiro
Batting: LHB Kazuyoshi Hasegawa 0-0: Ball
1-0: Ball
2-0: Called Strike
2-1: Ball
3-1: Swinging Strike
3-2: Base on Balls
Batting: LHB Roberto Sánchez 0-0: Ball
1-0: Ball
2-0: Called Strike
2-1: Fly out, F9 (Flyball, 9LM)
Batting: LHB Ashley Thachi 0-0: Ball
1-0: Ball
2-0: Grounds into double play, 6-4-3 (Groundball, 56)
Bottom of the 5th over - 0 runs, 0 hits, 0 errors, 0 left on base; New Orleans 5 - Richardson City 0
TOP OF THE 6TH
New Orleans Voodoo batting - Pitching for Richardson City Thundercats : RHP Oliver Rodríguez
Pitching: LHP Bartolomeu Lio
Batting: RHB Colm Goodwill 0-0: Ball
1-0: Swinging Strike
1-1: Swinging Strike
1-2: Foul Ball, location: 2F
1-2: Fly out, F6 (Popup, 6M)
Batting: LHB Weston Doyle 0-0: Swinging Strike
0-1: SINGLE (Line Drive, 34D)
Batting: RHB Griffin Woodfinlevine 0-0: Ball
1-0: Fly out, F8 (Line Drive, 8LD)
Batting: RHB Gilberto Juárez 0-0: Ball
1-0: Fly out, F8 (Flyball, 8LM)
Top of the 6th over - 0 runs, 1 hit, 0 errors, 1 left on base; New Orleans 5 - Richardson City 0
BOTTOM OF THE 6TH
Richardson City Thundercats batting - Pitching for New Orleans Voodoo : RHP Rémi Ribeiro
Batting: LHB Chris Fitzgerald 0-0: Foul Ball, location: 2F
0-1: Ball
1-1: Foul Ball, location: 2F
1-2: Fly out, F5 (Line Drive, 56)
Batting: LHB Jorge Flores 0-0: Called Strike
0-1: Ball
1-1: Ball
2-1: Ground out U3 (Groundball, 3)
Batting: RHB Felipe Campos 0-0: Ball
1-0: Ball
2-0: DOUBLE (Line Drive, 78D)
Batting: LHB Juan Macíel Pickoff Throw to Second - Error! E1
Felipe Campos to third
0-0: Ball
1-0: Fly out, F5 (Popup, 5S)
Bottom of the 6th over - 0 runs, 1 hit, 1 error, 1 left on base; New Orleans 5 - Richardson City 0
TOP OF THE 7TH
New Orleans Voodoo batting - Pitching for Richardson City Thundercats : LHP Bartolomeu Lio
Batting: SHB Melito Báez 0-0: Ball
1-0: Ball
2-0: DOUBLE (Flyball, 8LXD)
Batting: RHB Claudio Tappen 0-0: Ball
1-0: Fly out, F8 (Flyball, 8RS)
Batting: LHB José Ruíz 0-0: Called Strike
0-1: Called Strike
0-2: Foul Ball, location: 2F
0-2: Foul Ball, location: 2F
0-2: Ball
1-2: Strikes out looking
Batting: RHB Orlando Velásquez 0-0: Swinging Strike
0-1: Swinging Strike
0-2: Ball
1-2: Ball
2-2: Ball
3-2: Strikes out swinging
Top of the 7th over - 0 runs, 1 hit, 0 errors, 1 left on base; New Orleans 5 - Richardson City 0
BOTTOM OF THE 7TH
Richardson City Thundercats batting - Pitching for New Orleans Voodoo : RHP Rémi Ribeiro
Batting: LHB Juan Jose Hernández 0-0: DOUBLE (Line Drive, 5D)
Batting: LHB Jonathan Gunner 0-0: Called Strike
0-1: Swinging Strike
0-2: Strikes out swinging
Batting: LHB Kazuyoshi Hasegawa 0-0: Called Strike
0-1: Swinging Strike
0-2: Strikes out looking
Batting: LHB Roberto Sánchez 0-0: SINGLE (Groundball, 34D)
Juan Jose Hernández to third
Runner from 3rd tries for Home, SAFE, no throw
Batting: LHB Ashley Thachi 0-0: Ball
1-0: Foul Ball, location: 2F
1-1: Ball
2-1: Ground out 4-3 (Groundball, 4)
Bottom of the 7th over - 1 run, 2 hits, 0 errors, 1 left on base; New Orleans 5 - Richardson City 1
TOP OF THE 8TH
New Orleans Voodoo batting - Pitching for Richardson City Thundercats : LHP Bartolomeu Lio
Batting: RHB Cisco Feijoo 0-0: Ball
1-0: SINGLE (Groundball, 5D)
Batting: RHB Colm Goodwill 0-0: Sac Bunt - play at first, batter OUT! 2-3
Cisco Feijoo to second
Batting: LHB Weston Doyle 0-0: Called Strike
0-1: Ground out 5-3 (Groundball, 56)
Batting: RHB Griffin Woodfinlevine 0-0: Called Strike
0-1: Ground out 4-3 (Groundball, 4)
Top of the 8th over - 0 runs, 1 hit, 0 errors, 1 left on base; New Orleans 5 - Richardson City 1
BOTTOM OF THE 8TH
Richardson City Thundercats batting - Pitching for New Orleans Voodoo : RHP Rémi Ribeiro
Batting: LHB Chris Fitzgerald 0-0: Foul Ball, location: 2F
0-1: Called Strike
0-2: Ground out U3 (Groundball, 3)
Batting: LHB Jorge Flores 0-0: Called Strike
0-1: Ball
1-1: Foul Ball, location: 2F
1-2: Foul Ball, location: 2F
1-2: Ball
2-2: Foul Ball, location: 2F
2-2: Fly out, F8 (Flyball, 8LM)
Batting: RHB Felipe Campos 0-0: Foul Ball, location: 2F
0-1: Ball
1-1: Swinging Strike
1-2: SINGLE (Groundball, 34D)
Batting: LHB Juan Macíel 0-0: DOUBLE (Groundball, 3L)
Felipe Campos to third
Pitching: RHP Grover Lowdermilk
Batting: LHB Juan Jose Hernández 0-0: 3-RUN HOME RUN (Flyball, 9D), Distance : 376 ft
Batting: LHB Jonathan Gunner 0-0: Foul Ball, location: 2F
0-1: Ball
1-1: Called Strike
1-2: Strikes out looking
Bottom of the 8th over - 3 runs, 3 hits, 0 errors, 0 left on base; New Orleans 5 - Richardson City 4
TOP OF THE 9TH
New Orleans Voodoo batting - Pitching for Richardson City Thundercats : LHP Bartolomeu Lio
Pitching: LHP Kazuo Hamada
Batting: RHB Gilberto Juárez 0-0: DOUBLE (Line Drive, 9LM)
Pinch Hitting: RHB Noah Bushby 0-0: Called Strike
0-1: Ball
1-1: Ball
2-1: 2-RUN HOME RUN (Flyball, 7LD), Distance : 343 ft
Batting: RHB Claudio Tappen 0-0: Ball
1-0: Foul Ball, location: 2F
1-1: Called Strike
1-2: Ball
2-2: Ball
3-2: Base on Balls
Batting: LHB José Ruíz 0-0: Ball
1-0: Fielders Choice at 2nd, 1-4 (Groundball, 15S)
Batting: RHB Orlando Velásquez 0-0: Called Strike
0-1: Called Strike
José Ruíz steals 2nd base
0-2: SINGLE (Line Drive, 7LS)
José Ruíz to third
Runner from 3rd tries for Home, SAFE, no throw
Batting: RHB Cisco Feijoo 0-0: Ball
1-0: Grounds into double play, 5-4-3 (Groundball, 5L)
Top of the 9th over - 3 runs, 3 hits, 0 errors, 0 left on base; New Orleans 8 - Richardson City 4
BOTTOM OF THE 9TH
Richardson City Thundercats batting - Pitching for New Orleans Voodoo : RHP Grover Lowdermilk
Now at 1B: Noah Bushby
Batting: LHB Kazuyoshi Hasegawa 0-0: Ball
1-0: Ball
2-0: Called Strike
2-1: SINGLE (Line Drive, 9S)
Batting: LHB Roberto Sánchez 0-0: Called Strike
0-1: Called Strike
0-2: Ball
1-2: Foul Ball, location: 2F
1-2: Fly out, F8 (Flyball, 8LS)
Batting: LHB Ashley Thachi 0-0: Ball
1-0: Ball
2-0: Fly out, F7 (Flyball, 7D)
Batting: LHB Chris Fitzgerald 0-0: Swinging Strike
0-1: Fielders Choice at 2nd, U6 (Groundball, 6M)
Bottom of the 9th over - 0 runs, 1 hit, 0 errors, 1 left on base; New Orleans 8 - Richardson City 4
Friday, March 29th, 2019 - OOTP Baseball 18.8 Build 76